Map: Dusk Towers

Players

blackxored

  • Race: Zerg Zerg
  • League: Diamond

GGoSu - Winner!

  • Race: Zerg Zerg
  • League: Platinum

VOD

Have the link to the VOD?

Description

Time

  • Played on: July 2, 2016, 2:56 a.m.
  • Length: 9:03
Show
View Real Time Build Order
Export as new Build Order

blackxored Zerg 

Build Orders: Pool First 

Get SALT Encoding   

  12  0:01  Drone  
  13  0:09  Drone  
  14  0:16  Extractor  
  13  0:28  Spawning Pool  
  13  0:32  Drone  
  13  0:36  Drone  
  14  0:46  Overlord  
  14  0:52  Extractor  
  14  0:55  Drone  
  15  1:15  Zergling x4  
  15  1:16  Zergling x2  
  18  1:21  Metabolic Boost  
  18  1:29  Zergling x2  
  19  1:33  Queen  
  19  1:39  Zergling x2  
  22  1:51  Extractor  
  22  1:52  Zergling x2  
  23  1:58  Overlord  
  23  2:30  Zergling x4  
  25  2:44  Zergling x4  
  21  2:55  Zergling x2  
  22  3:03  Drone  
  23  3:15  Drone  
  23  3:17  Baneling Nest  
  23  3:30  Hatchery  
  23  3:32  Drone x2  
  24  3:36  Extractor, Drone x2  
  25  3:43  Drone  
  26  3:53  Drone  
  27  4:03  Zergling x6  
  26  4:23  Drone x2  
  25  4:54  Queen  
  25  4:55  Queen  
  28  5:03  Roach Warren, Zergling x10  
  28  5:04  Zergling x6, Spine Crawler  
  34  5:07  Baneling x3  
  34  5:10  Baneling  
  34  5:11  Baneling x2  
  34  5:23  Zergling x2  
  34  5:24  Zergling x2  
  35  5:35  Overlord  
  35  5:51  Overlord  
  35  6:14  Roach x5  
  45  6:29  Roach  
  45  6:30  Roach x2  
  51  6:41  Overlord  
  51  6:53  Overlord  
  51  7:08  Zergling x14  
  58  7:32  Zergling x14  
  46  7:58  Roach x3  
  46  7:59  Roach x2  
  46  8:08  Zergling x6  
  41  8:15  Spore Crawler  
  31  8:34  Drone  
  31  8:35  Drone x4  
  36  8:43  Spore Crawler  
Show
View Real Time Build Order
Export as new Build Order

GGoSu Zerg - Winner!

Build Orders: Hatch First 

Get SALT Encoding   

  12  0:00  Drone  
  13  0:13  Overlord  
  13  0:17  Drone  
  14  0:31  Drone x2  
  14  0:35  Drone  
  17  0:46  Drone  
  18  0:56  Hatchery  
  17  1:00  Extractor, Drone  
  17  1:07  Drone  
  18  1:18  Spawning Pool  
  17  1:20  Drone  
  18  1:28  Drone  
  19  1:39  Overlord  
  19  1:50  Drone  
  20  2:04  Queen  
  20  2:05  Zergling x2  
  25  2:13  Zergling x4, Spine Crawler  
  24  2:20  Metabolic Boost  
  24  2:23  Zergling x4  
  25  2:43  Zergling x2  
  23  2:45  Zergling x2  
  23  2:46  Zergling x2  
  23  2:47  Zergling x2  
  21  2:53  Zergling x2  
  21  2:54  Zergling x2  
  21  2:58  Queen  
  25  3:08  Drone x2  
  27  3:17  Drone x3  
  27  3:19  Drone  
  31  3:26  Drone  
  31  3:27  Baneling Nest  
  31  3:30  Drone  
  32  3:36  Drone x2  
  34  3:45  Drone x2  
  36  3:55  Overlord  
  35  4:14  Drone x3  
  37  4:26  Baneling  
  36  4:35  Zergling x2  
  36  4:36  Zergling x10  
  39  4:48  Zergling x6  
  39  4:50  Drone  
  43  4:54  Zergling x2  
  44  5:04  Lair, Hatchery  
  43  5:08  Overlord, Extractor, Drone  
  43  5:11  Baneling x2  
  43  5:12  Drone  
  44  5:14  Extractor, Drone  
  44  5:15  Extractor  
  43  5:26  Drone  
  43  5:27  Drone x2  
  43  5:28  Baneling x2  
  41  5:29  Drone x2  
  42  5:40  Spine Crawler  
  41  5:43  Evolution Chamber  
  41  5:44  Zergling x2  
  41  5:45  Zergling x4  
  41  5:47  Baneling x4  
  41  5:49  Drone  
  44  5:54  Drone  
  44  5:55  Overlord  
  45  6:01  Queen  
  47  6:05  Spire  
  47  6:06  Drone x3  
  47  6:07  Drone  
  50  6:11  Drone  
  50  6:13  Drone  
  50  6:17  Drone  
  50  6:18  Drone  
  54  6:21  Drone  
  55  6:32  Overlord  
  55  6:33  Drone x2  
  57  6:45  Overlord  
  57  7:18  Mutalisk x7  
  57  7:19  Mutalisk  
  57  7:22  Drone x2  
  75  7:23  Drone x5  
  80  7:30  Roach Warren  
  79  7:40  Mutalisk  
  79  7:46  Mutalisk  
  79  7:55  Mutalisk  
  71  8:08  Mutalisk  
  65  8:13  Zergling x6  
  65  8:16  Overlord  
  65  8:17  Zergling x4  
  65  8:18  Zergling x6  
  69  8:23  Zergling x4  
  69  8:24  Zergling x2  
  69  8:31  Zergling x2  
  69  8:34  Baneling x3  
  70  8:35  Drone x2  
  70  8:36  Baneling x3  
Tags
 
Add a new tag
Caveats
  • Supply blocks, unpowered buildings, or Contaminate may cause inaccurate times.
  • Supply counts are checked every 10 seconds.